AoeStats
← Red Calypso

Hill Fort

506969601Analyzed
4v4 RM · 17d ago on Sep 16, 2026· 47m 17s· 8 players
Game mode
Random Map
Map size
Large (8 player)
Population
200
Speed
Normal
Resources
Standard
Victory
Conquest
Starting age
Dark Age
Ending age
Imperial Age
RankedLock teamsTeams togetherTeam positionsShared explorationLock speedFull tech treeHidden civsTurbo modeCheats
Victory
Defeat
🇩🇪 Burmese · Germany
1569
+11
🇺🇸 Saracens · United States
1517
+13
🇺🇸 Huns · United States
1456
+15
🇦🇹 Magyars · Austria
1436
+16
🇺🇸 Koreans · United States
1499
-16
🇹🇼 Cumans · Taiwan
1467
-15
🇦🇷 Ethiopians · Argentina
1419
-13
🇻🇳 Britons · Vietnam
1382
-11
Red Calypso
12:41 Feudal Age
11:59 Loom
13:46 Double-Bit Axe
16:35 Castle Age
15:16 Horse Collar
15:44 Fletching
15:54 Padded Archer Armor
18:13 Bow Saw
18:17 Bloodlines
18:08 Husbandry
19:56 Wheelbarrow
19:15 Gold Mining
21:18 Thumb Ring
23:03 Ballistics
25:15 Hand Cart
28:44 Padded Archer Armor
28:43 Bodkin Arrow
31:04 Leather Archer Armor
36:43 Heavy Plow
43:25 Imperial Age
44:57 Bracer
45:02 Recurve Bow
45:23 Conscription
46:08 Chemistry
45:51 Parthian Tactics
45:57 Town Watch
46:52 Gold Shaft Mining
46:08 Stone Mining
46:23 Heavy Cavalry Archer
48:16 Two-Man Saw
47:59 Crop Rotation
48:25 Ring Archer Armor
hoffypianoman
10:46 Feudal Age
14:48 Castle Age
13:25 Double-Bit Axe
13:48 Horse Collar
16:19 Bow Saw
16:29 Heavy Plow
17:42 Loom
22:14 Wheelbarrow
30:06 Imperial Age
27:42 Gold Mining
27:44 Stone Mining
28:35 Bloodlines
28:25 Husbandry
28:32 Scale Barding Armor
28:37 Forging
29:43 Chain Barding Armor
30:08 Heavy Camel Rider
31:06 Hand Cart
30:37 Town Watch
31:28 Iron Casting
32:20 Plate Barding Armor
33:25 Fletching
34:05 Conscription
34:47 Blast Furnace
34:07 Masonry
33:25 Elite Mameluke
34:41 Hoardings
34:29 Ballistics
35:31 Two-Man Saw
34:45 Bodkin Arrow
37:43 Bracer
38:22 Capped Ram
39:13 Siege Ram
45:08 Treadmill Crane
46:30 Chemistry
46:18 Light Cavalry
AticAtac
10:18 Feudal Age
9:27 Loom
14:37 Castle Age
12:45 Horse Collar
17:13 Scale Barding Armor
20:55 Bloodlines
23:33 Wheelbarrow
24:01 Chain Barding Armor
25:09 Husbandry
26:51 Hand Cart
28:12 Heavy Plow
28:03 Gold Mining
29:33 Gold Shaft Mining
32:12 Imperial Age
29:28 Town Watch
31:41 Forging
33:31 Plate Barding Armor
34:22 Stone Mining
34:13 Elite Battle Elephant
38:11 Chemistry
38:06 Iron Casting
41:21 Blast Furnace
42:51 Ballistics
43:50 Conscription
43:28 Fletching
43:49 Howdah
44:23 Light Cavalry
47:16 Caravan
UBERstrats
11:20 Feudal Age
11:39 Loom
15:08 Castle Age
13:59 Double-Bit Axe
14:38 Horse Collar
16:50 Fletching
17:19 Bow Saw
19:40 Bodkin Arrow
21:16 Husbandry
25:05 Wheelbarrow
25:12 Town Watch
26:50 Padded Archer Armor
27:27 Bloodlines
28:12 Heavy Plow
29:50 Leather Archer Armor
31:28 Hand Cart
31:20 Thumb Ring
38:44 Imperial Age
36:05 Light Cavalry
36:51 Scale Barding Armor
36:57 Forging
38:45 Chain Barding Armor
39:01 Iron Casting
39:28 Capped Ram
39:30 Heavy Cavalry Archer
40:36 Parthian Tactics
40:27 Bracer
41:25 Plate Barding Armor
41:56 Chemistry
41:16 Ballistics
42:18 Two-Man Saw
41:40 Siege Ram
42:11 Hussar
44:25 Plate Barding Armor
45:02 Caravan
45:21 Murder Holes
45:37 Masonry
MenaChuuni
8:40 Loom
11:00 Feudal Age
16:14 Castle Age
14:28 Double-Bit Axe
17:11 Bow Saw
18:33 Horse Collar
19:44 Scale Mail Armor
22:52 Squires
26:38 Gambesons
27:15 Chain Mail Armor
27:15 Stone Mining
27:44 Fletching
29:07 Bodkin Arrow
29:48 Ballistics
29:32 Treadmill Crane
30:22 Eupseong
32:50 Stone Shaft Mining
32:42 Forging
33:15 Masonry
34:27 Iron Casting
34:56 Wheelbarrow
35:29 Iron Casting
37:52 Imperial Age
37:20 Hand Cart
38:10 Elite Fire Lancer
39:26 Plate Mail Armor
39:29 Architecture
38:50 Arrowslits
40:49 Gold Mining
41:50 Town Watch
42:24 Elite Skirmisher
43:12 Thumb Ring
43:10 Bracer
43:51 Caravan
45:53 Chemistry
46:05 Two-Man Saw
44:55 Arson
45:50 Pikeman
46:48 Halberdier
Marchantia
9:23 Feudal Age
11:40 Double-Bit Axe
12:17 Horse Collar
17:12 Wheelbarrow
22:05 Castle Age
22:53 Gold Mining
23:16 Scale Barding Armor
23:22 Forging
24:30 Bow Saw
24:24 Heavy Plow
24:46 Scale Mail Armor
25:06 Chain Barding Armor
25:03 Bloodlines
31:36 Hand Cart
36:05 Imperial Age
33:22 Pikeman
34:02 Squires
33:48 Arson
34:05 Scale Mail Armor
35:48 Chain Mail Armor
36:09 Iron Casting
36:18 Halberdier
37:39 Plate Mail Armor
38:32 Stone Mining
39:43 Conscription
39:24 Steppe Husbandry
40:45 Blast Furnace
40:44 Crop Rotation
41:18 Two-Man Saw
42:45 Fletching
43:21 Ballistics
43:43 Bodkin Arrow
44:54 Elite Kipchak
HuynhSon
0:56 Loom
10:57 Feudal Age
17:35 Castle Age
16:47 Double-Bit Axe
16:42 Horse Collar
16:54 Gold Mining
19:02 Bow Saw
18:54 Fletching
18:55 Crossbowman
22:37 Padded Archer Armor
22:28 Loom
23:31 Heavy Plow
23:43 Bodkin Arrow
25:10 Leather Archer Armor
27:13 Wheelbarrow
30:54 Gold Shaft Mining
32:09 Hand Cart
35:40 Imperial Age
35:26 Scale Mail Armor
35:28 Squires
35:13 Gambesons
34:49 Pikeman
36:00 Forging
35:46 Arbalester
36:29 Bracer
37:41 Ballistics
38:21 Chemistry
37:03 Halberdier
38:01 Chain Mail Armor
40:20 Plate Mail Armor
41:36 Two-Man Saw
41:08 Ring Archer Armor
42:18 Iron Casting
JUNCAL
10:32 Feudal Age
11:57 Horse Collar
12:46 Double-Bit Axe
13:09 Town Watch
13:40 Loom
14:06 Loom
18:49 Castle Age
16:41 Gold Mining
17:51 Fletching
19:00 Crossbowman
19:36 Bodkin Arrow
20:06 Thumb Ring
22:14 Padded Archer Armor
23:59 Squires
26:03 Ballistics
26:49 Leather Archer Armor
28:03 Wheelbarrow
31:17 Bow Saw
33:32 Stone Mining
34:45 Hand Cart
40:45 Imperial Age
41:19 Stone Shaft Mining
41:20 Gold Shaft Mining
41:04 Arbalester
42:34 Bracer
44:46 Chemistry
44:44 Ring Archer Armor
Connection lost

Rejoining the realm…

Still unreachable

The connection could not be restored.

Session expired

The server has moved on; the page needs a fresh start.